 Dungeon Crawl Stone Soup version 0.28.0-53-g5a82cb258f (webtiles) character file.

Game seed: 3713616721753301002

39 Sin92 the Skirmisher (level 3, -6/29 HPs)
             Began as a Demonspawn Fighter on June 16, 2022.
             Mangled by Sigmund
             ... wielding a +0 scythe
              (9 damage)
             ... on level 2 of the Dungeon.
             The game lasted 00:02:47 (1314 turns).

Sin92 the Skirmisher (Demonspawn Fighter)           Turns: 1314, Time: 00:02:48

Health: -6/29      AC: 16    Str: 22    XL:     3   Next: 26%
Magic:  3/3        EV:  9    Int:  9    God:
Gold:   58         SH:  0    Dex: 12    Spells: 2/2 levels left

rFire   . . .      SeeInvis .   a - +0 war axe
rCold   + . .      Faith    .   c - +0 buckler
rNeg    + . .      Spirit   .   b - +0 scale mail
rPois   .          Reflect  .   l - +0 hat "Moqisch" {rN+ Str+4}
rElec   .          Harm     .   (no cloak)
rCorr   .          Rampage  .   (no gloves)
Will    .....                   (no boots)
Stlth   ..........              (no amulet)
HPRegen 0.09/turn               g - +4 ring of protection
MPRegen 0.08/turn               (no ring)

@: confused, mighty, brilliant, sanguine armoured
A: sanguine armour 1, demonic touch 1, cold resistance 1
a: no special abilities


You were on level 2 of the Dungeon.
You visited 1 branch of the dungeon, and saw 2 of its levels.

You collected 58 gold pieces.

Inventory:

Hand Weapons
 a - a +0 war axe (weapon)
Armour
 b - a +0 scale mail (worn)
 c - a +0 buckler (worn)
 l - the +0 hat "Moqisch" (worn) {rN+ Str+4}
   (You found it on level 2 of the Dungeon)

   Str:       It affects your strength (+4).
   rN:        It protects you from negative energy.
Jewellery
 g - a +4 ring of protection (left hand)
Scrolls
 f - a scroll of vulnerability {unknown}
 h - a scroll of immolation {unknown}
 k - a scroll of teleportation {unknown}
 n - a scroll of magic mapping {unknown}


   Skills:
 + Level 3.3 Fighting
 + Level 2.2 Axes
 + Level 2.9 Armour
 + Level 1.0 Dodging
 + Level 3.0 Shields


You had 2 spell levels left.
You didn't know any spells.
Your spell library contained the following spells:

 Spells                   Type           Power      Damage    Failure   Level
 Airstrike                Air            0%         N/A       100%        4
 Summon Lightning Spire   Summ/Air       0%         N/A       100%        4
 Lightning Bolt           Conj/Air       0%         1d11      100%        5


Dungeon Overview and Level Annotations

Branches:
Dungeon (2/15)

Altars:

Shops:
D:2 (

Annotations:
D:2 Sigmund


Innate Abilities, Weirdness & Mutations

When seriously injured, your blood forms armour. (AC +6)
Your touch may inflict minor irresistible damage on your foes.
Your flesh is cold resistant. (rC+)


Message History

You're too confused to move!
You feel less porcine.
Your +0 war axe unmelds from your body.
The +0 hat "Moqisch" {rN+ Str+4} unmelds from your body.
Your +0 buckler unmelds from your body.
Your +0 scale mail unmelds from your body.
Your +4 ring of protection unmelds from your body.
You bump into the rock wall.
You bump into the rock wall.
You bump into the rock wall.
You feel less confused.
You hear some strange, mumbled words.
You are confused.
Something hits you.
You bump into the rock wall.
Something completely misses you.
You bump into the rock wall.
Something hits you but does no damage.
You miss something.
You feel less confused. Something hits you but does no damage.
You miss something. Something hits you but does no damage.
You hit something. Something hits you.
* * * LOW HITPOINT WARNING * * *
Unknown command.
You feel very mighty all of a sudden. Something hits you.
* * * LOW HITPOINT WARNING * * *
You miss something. Something hits you but does no damage.
You closely miss something. Something hits you but does no damage.
You barely miss something. Something hits you but does no damage.
You miss something.
You hear some strange, mumbled words.
A puff of flame appears from out of thin air!
The puff of flame hits you but does no damage.
You barely miss something.
You hear some strange, mumbled words.
You are confused.
You barely miss something.
Sigmund appears from thin air!
Reactivating autopickup.
Sigmund hits you with a +0 scythe!
You die...

#............####.#####.#
#.#.†.#####...........#.#
#.##.######...###.###.#.#
####.##.###<.....###.###.#..
....>......................#
####.######.####.###.......#
.. #.# #.# #.###.#.. ## #.#
#.# #.# #.#.# #@#
#.###.###.##. #@#
#.........# # #.#
######.##### #.# #......#
.######.###.######
............# #
#######.##### ... #.#
.....#######.#


You could see Sigmund.

Vanquished Creatures
  4 dart slugs
  5 endoplasms
  5 goblins (D:1)
  4 hobgoblins
  4 ball pythons (D:1)
  3 bats
  A kobold (D:1)
  2 rats
28 creatures vanquished.

Notes
Turn   | Place    | Note
-------+----------+-------------------------------------------
     0 | D:1      | Sin92 the Demonspawn Fighter began the quest for the Orb.
     0 | D:1      | Reached XP level 1. HP: 18/18 MP: 1/1
   185 | D:1      | Gained mutation: Your touch may inflict minor irresistible
                  | damage on your foes. [demonic ancestry]
   185 | D:1      | Reached XP level 2. HP: 24/24 MP: 2/2
   750 | D:1      | Gained mutation: When seriously injured, your blood forms
                  | armour. (AC +6) [demonic ancestry]
   750 | D:1      | Reached XP level 3. HP: 29/29 MP: 3/3
  1034 | D:2      | Found Boxyhaha's Weapon Emporium.
  1130 | D:2      | Reached skill level 1 in Dodging
  1187 | D:2      | Identified the +0 hat "Moqisch" {rN+ Str+4}
  1249 | D:2      | Noticed Sigmund
  1276 | D:2      | Gained mutation: Your flesh is cold resistant. (rC+)
                  | [potion of mutation]
  1276 | D:2      | Gained mutation: You are clumsy. (Dex -2) [potion of
                  | mutation]
  1276 | D:2      | Lost mutation: You are clumsy. (Dex -2) [potion of
                  | mutation]
  1314 | D:2      | Mangled by Sigmund

Illustrated notes

Levels and vault maps discovered:
D:1:      zaba_arrival_water, layout_loops_ring
D:2:      layout_loops_ring, serial_shops, nicolae_shop_bloodbath_and_beyond,
          hangedman_abyss_or_decor_stabs, uniq_sigmund

Skill      XL: |  1  2  3 |
---------------+----------+-----
Axes           | 2 |  2.2
Shields        | 3 |  3.0
Dodging        | 1 |  1.0
Fighting       | |  3.3
Armour         | |  2.9

Action                   || total
-------------------------++-------
Melee: War axe           ||    88
       Unarmed           ||     7
  Use: Potion            ||     5
Armor: Scale mail        ||    47
Dodge: Dodged            ||    36
Block: Buckler           ||    22
